 Dungeon Crawl Stone Soup version 0.31-a0-1005-gfbdfbacc72 (webtiles) character file.

Game seed: 13179159006117487835

304 Monkfish the Cutter (level 6, -4/38 HPs)
             Began as a Kobold Monk on Nov 11, 2023.
             Slain by a gnoll
             ... wielding a +0 halberd
              (8 damage)
             ... on level 4 of the Dungeon.
             The game lasted 00:04:36 (2358 turns).

Monkfish the Cutter (Kobold Monk)                   Turns: 2358, Time: 00:04:37

Health: -4/38      AC:  3    Str:  9    XL:     6   Next: 66%
Magic:  6/6        EV: 21    Int: 11    God:
Gold:   153        SH:  0    Dex: 19    Spells: 5/5 levels left

rFire   . . .        j - +3 dagger
rCold   . . .        (no shield)
rNeg    . . .        f - +0 leather armour
rPois   .            (no helmet)
rElec   .            (no cloak)
rCorr   .            (no gloves)
SInv    .            (no boots)
Will    .....        (no amulet)
Stlth   ++++         b - +5 ring of evasion
HPRegen 0.26/turn    (no ring)
MPRegen 0.10/turn

%: no passive effects
@: hasted, very quick
A: small, no large weapons, nightstalker 3
a: no special abilities


You were on level 4 of the Dungeon.
You visited 1 branch of the dungeon, and saw 4 of its levels.

You collected 153 gold pieces.

Inventory:

Hand Weapons
 j - a +3 dagger (weapon)
Missiles
 l - 2 throwing nets
Armour
 d - an orb of light
 f - a +0 leather armour (worn)
Jewellery
 b - a +5 ring of evasion (left hand)
Talismans
 a - a serpent talisman
Potions
 c - a potion of ambrosia
 e - a potion of cancellation
 g - a potion of brilliance
 h - a potion of degeneration {unknown}
 i - a potion of haste
 k - 2 potions of attraction


   Skills:
 + Level 3.8 Fighting
 * Level 5.9 Short Blades
 + Level 1.6 Armour
 + Level 4.3 Dodging
 * Level 5.2 Stealth


You had 5 spell levels left.
You didn't know any spells.
Your spell library was empty.

Dungeon Overview and Level Annotations

Branches:
Dungeon (4/15)
 Temple: D:4-7

Altars:

Annotations:
D:3 vianneychevalier's ghost, amateur MiFi


Innate Abilities, Weirdness & Mutations

You are small and have problems with some larger weapons.
You are completely attuned to the shadows.


Message History

You hit the gnoll.
The gnoll is lightly wounded.
You hit the gnoll.
The gnoll is moderately wounded.
The gnoll barely misses you. The gnoll misses you.
You hit the gnoll.
The gnoll is heavily wounded.
The gnoll completely misses you.
You hit the gnoll.
The gnoll is heavily wounded.
The gnoll hits you from afar with a +2 heavy spear.
You hit the gnoll but do no damage.
The gnoll is heavily wounded.
The gnoll misses you.
You puncture the gnoll!
You kill the gnoll!
The gnoll misses you.
You feel yourself speed up.
The gnoll hits you with a +2 heavy spear!
The gnoll hits you from afar with a +0 halberd!
* * * LOW HITPOINT WARNING * * *
You hit the gnoll.
The gnoll is moderately wounded.
You hit the gnoll.
The gnoll is severely wounded.
The gnoll closely misses you.
You hit the gnoll.
You kill the gnoll!
The gnoll barely misses you.
You see here a +2 heavy spear.
You closely miss the gnoll. You hit the gnoll.
The gnoll is lightly wounded.
The gnoll misses you.
You hit the gnoll.
The gnoll is heavily wounded.
You hit the gnoll but do no damage.
The gnoll is heavily wounded.
The gnoll hits you with a +0 halberd!
You die... ......#####.# #....#####.# ##...##.....##### #8...8#.......... ##...#######.#### #...# #..# ##.g.## ##.# #8ggg8#

#.# ####...####
###@#
##8##...##8###8#g#
.÷..........g....#
......⌠.........(#
.%...............#
##8##...##8###8###
####...#### ###
8...8 #...


You could see a gnoll.

Vanquished Creatures
  A water moccasin (D:4)
  A bullfrog (D:4)
  Jessica (D:3)
  2 gnolls (D:4)
  4 adders
  A white imp (D:3)
  A worm (D:2)
  2 dart slugs
  2 bats (D:2)
  An endoplasm (D:1)
  3 giant cockroaches
  5 goblins
  2 hobgoblins
  2 jackals (D:1)
  6 kobolds
  2 quokkas
  9 ball pythons
  A frilled lizard (D:2)
  4 rats
50 creatures vanquished.

Notes
Turn   | Place    | Note
-------+----------+-------------------------------------------
     0 | D:1      | Monkfish the Kobold Monk began the quest for the Orb.
     0 | D:1      | Reached XP level 1. HP: 14/14 MP: 1/1
   246 | D:1      | Reached XP level 2. HP: 19/19 MP: 2/2
   530 | D:1      | Reached XP level 3. HP: 23/23 MP: 3/3
   730 | D:1      | Reached skill level 1 in Stealth
  1179 | D:2      | Reached XP level 4. HP: 28/28 MP: 4/4
  1199 | D:2      | Reached skill level 1 in Armour
  1314 | D:2      | Reached skill level 5 in Short Blades
  1500 | D:3      | Noticed Jessica
  1504 | D:3      | Killed Jessica
  1526 | D:3      | Reached XP level 5. HP: 32/32 MP: 5/5
  1612 | D:3      | Found a faded altar of an unknown god.
  1866 | D:3      | Found a runed translucent door.
  1885 | D:3      | Noticed vianneychevalier's ghost (amateur MiFi)
  1886 | D:3      | Noticed a bullfrog
  1930 | D:4      | Killed a bullfrog
  2048 | D:4      | Noticed a water moccasin
  2098 | D:4      | Killed a water moccasin
  2099 | D:4      | Reached skill level 5 in Stealth
  2099 | D:4      | Reached XP level 6. HP: 10/38 MP: 6/6
  2358 | D:4      | Slain by a gnoll

Illustrated notes

Levels and vault maps discovered:
D:1:      minmay_arrival_stair_chambers, layout_loops_cross
D:2:      layout_basic, kennysheep_generic_room_15
D:3:      layout_loops_ring, ebering_ghost_sewer_f,
          shapermc_ecumenical_altar_gd, st_stairs_7, uniq_jessica
D:4:      layout_basic, serial_corexii_hall, corexii_hall_statues_i,
          corexii_hall_statues_x, corexii_hall_statues_l,
          corexii_hall_statues_i, corexii_hall_statues_x,
          chequers_hall_statues_y, hangedman_abyss_or_decor_slice,
          minmay_misc_feat_columns, st_stairs_3, uniq_robin

Skill      XL: |  1  2  3  4  5 |
---------------+----------------+-----
Stealth        | 1 2 5 |  5.2
Armour         | 1 |  1.6
Dodging        | 4 |  4.3
Short Blades   | 5 |  5.9
Fighting       | |  3.8

Action                     |  1- 3 |  4- 6 || total
---------------------------+-------+-------++-------
  Melee: Short sword       |    23 |       ||    23
         Dagger            |    58 |    97 ||   155
         Punch             |     1 |     1 ||     2
    Use: Scroll            |     2 |     5 ||     7
         Potion            |       |     1 ||     1
   Stab: Sleeping          |     6 |     8 ||    14
         Distracted        |     1 |     1 ||     2
 Armour: Robe              |     3 |       ||     3
         Leather armour    |    24 |    24 ||    48
  Dodge: Dodged            |    59 |   106 ||   165

Table legend: (Time is in decaauts)
 A = Elapsed time spent in this place.
 B = Non-inter-level travel time spent in this place.
 C = Inter-level travel time spent in this place.
 D = Time resting spent in this place.
 E = Time spent auto-exploring this place.
 F = Levels seen in this place.
 G = Mean time per level.
                   A        B        C        D        E       F      G
               +--------+--------+--------+--------+--------+-----+--------+
         Total |   2311 |   2269 |     42 |    325 |   1396 |   4 |  577.8 |
       Dungeon |   2311 |   2269 |     42 |    325 |   1396 |   4 |  577.8 |
               +--------+--------+--------+--------+--------+-----+--------+

Top non-repeatable levels by time:
     D:1: 884 daAuts
     D:2: 558 daAuts
     D:3: 446 daAuts
     D:4: 421 daAuts
